[Event "*** Titled Tuesday Blitz"]
[Site "Chess.com"]
[Date "2021.02.02"]
[Round "3"]
[White "mfwagnerpeixoto"]
[Black "CoachHakia"]
[Result "1-0"]
[WhiteElo "2346"]
[BlackElo "2136"]
[TimeControl "180+1"]
[EndTime "10:31:23 PST"]
[Termination "mfwagnerpeixoto won by resignation"]

1. e4 d5 2. exd5 Qxd5 3. Nc3 Qa5 4. Bc4 Nf6 5. h3 c6 6. d3 Bf5 7. Qe2 e6 8. Bd2 Nbd7 9. f4 h5 10. Nf3 Qc7 11. Nd4 O-O-O 12. O-O-O Nb6 13. Nxf5 Nxc4 14. dxc4 exf5 15. Qe5 Qxe5 16. fxe5 Ne4 17. Nxe4 fxe4 18.
Bf4 Bc5 19. b3 Rxd1+ 20. Kxd1 Rd8+ 21. Ke2 Kd7 22. Rd1+ Ke8 23. Rxd8+ Kxd8 24. Be3 Bb4 25. Bxa7 Bc3 26. Ke3 Bxe5 27. Kxe4 Bc3 28. Bd4 Bxd4 29. Kxd4 Kd7 30. Ke5 Ke7 31. a4 f6+ 32. Kf5 Kf7 33. b4 g6+ 34. Kf4 Ke6 35. h4 Kd6 36. Ke4 g5 37.
hxg5 fxg5 38. Kf5 g4 39. Kg5 Ke5 40. Kxh5 Kd4 41. Kxg4 Kxc4 42. Kf5 Kxb4 43. g4 Kxa4 44. g5 Kb4 45. g6 Kc3 46. g7 Kxc2 47. g8=Q b5 48. Qc8 Kb3 49. Qxc6 b4 50. Ke4 Ka2 51.
Qa4+ Kb2 52. Qxb4+ 1-0

[Event "*** Titled Tuesday Blitz"]
[Site "Chess.com"]
[Date "2021.02.02"]
[Round "3"]
[White "Sippp"]
[Black "GelmanAlexander"]
[Result "1-0"]
[WhiteElo "2799"]
[BlackElo "2560"]
[TimeControl "180+1"]
[EndTime "10:31:24 PST"]
[Termination "Sippp won on time"]

1. e4 c5 2. Nf3 e6 3. d4 cxd4 4. Nxd4 a6 5. Be2 d6 6. O-O Nf6 7. Nc3 Nbd7 8. f4 b5 9. Bf3 Bb7 10. a3 Rc8 11. Re1 h5 12. Kh1 Qc7 13. Be3 Be7 14. Bg1 g6 15. Qe2 e5 16. fxe5 Nxe5 17. a4 b4 18. Nd5 Nxd5 19. exd5 O-O 20. Nc6 Bf6 21. Nxb4 Nxf3 22. Qxf3 Bxb2 23. Rab1 Bc3 24. Re2 Bg7 25. a5 Rfe8 26. Rxe8+ Rxe8 27. Nc6 Bc8 28. Bb6 Qd7 29. c4 Qf5 30. Qxf5 Bxf5 31. Rc1 Bd3 32.
c5 dxc5 33. d6 Bf5 34. Ne7+ Kf8 35. Nxf5 gxf5 36. d7 1-0

[Event "*** Titled Tuesday Blitz"]
[Site "Chess.com"]
[Date "2021.02.02"]
[Round "3"]
[White "RD4ever"]
[Black "ShapkinAnatoliy"]
[Result "1-0"]
[WhiteElo "2859"]
[BlackElo "2627"]
[TimeControl "180+1"]
[EndTime "10:31:25 PST"]
[Termination "RD4ever won by resignation"]

1. d4 Nf6 2. c4 g6 3. Nc3 d5 4. Bg5 Bg7 5. Bxf6 Bxf6 6. cxd5 c6 7. e4 O-O 8. e5 Bg7 9. Bc4 b5 10. Bb3 b4 11. Nce2 cxd5 12. h4 e6 13. h5 Ba6 14.
Nf3 Nc6 15. Bc2 Bxe2 16. Qxe2 Qb6 17. h6 Bh8 18. Qd3 Rac8 19. O-O Ne7 20. Qd2 Rc7 21.
Rac1 Rfc8 22. Bd3 Nc6 23. Bb1 Na5 24. Rxc7 Rxc7 25. Rc1 Nc4 26. Qe2 Qb8 27. Bd3 Qc8 28. Rc2 a5 29. g4 a4 30. g5 a3 31. b3 Nb2 32. Rxc7 Qxc7 33. Qc2 Qxc2 34. Bxc2 Kf8 35. Kf1 Ke7 36. Ke2 Kd7 37. Bd3 Kd8 38. Bb5 Ke7 39. Ne1 Kd8 40. Nc2 Nc4 41. bxc4 dxc4 42. Bxc4 f6 43. gxf6 1-0

[Event "*** Titled Tuesday Blitz"]
[Site "Chess.com"]
[Date "2021.02.02"]
[Round "3"]
[White "ruvat"]
[Black "Mazanchenko_Dmitry"]
[Result "0-1"]
[WhiteElo "2325"]
[BlackElo "2139"]
[TimeControl "180+1"]
[EndTime "10:31:26 PST"]
[Termination "Mazanchenko_Dmitry won on time"]

1. d4 g6 2. c4 Bg7 3. Nf3 d6 4. g3 Bg4 5. Bg2 Nc6 6. Nc3 e5 7. d5 Nce7 8. Nd2 h6 9. h3 Bd7 10. O-O f5 11. Qb3 b6 12. f4 e4 13. Nd1 Nf6 14. Qc2 a5 15. Rb1 O-O 16. b3 g5 17.
Bb2 Nh5 18. Kh2 gxf4 19. gxf4 Ng6 20. Bxg7 Kxg7 21. Qc3+ Kh7 22. e3 Qh4 23. Rg1 Rg8 24.
Nf1 Rg7 25. Qd2 Rag8 26. Qf2 Qf6 27. Bh1 Ngxf4 28. Rxg7+ Qxg7 29. exf4 Nxf4 30. Ng3 Nd3 31. Qe3 Kh8 32. Nh5 Qe5+ 33. Ng3 f4 34. Qxe4 fxg3+ 35. Kg1 Qxe4 36. Bxe4 Bxh3 37. Ne3 Nf2 38. Bf3 Rf8 39. Bg2 Bf5 0-1

[Event "*** Titled Tuesday Blitz"]
[Site "Chess.com"]
[Date "2021.02.02"]
[Round "3"]
[White "Thjop"]
[Black "serhanberat_ozdemir"]
[Result "1-0"]
[WhiteElo "2672"]
[BlackElo "2422"]
[TimeControl "180+1"]
[EndTime "10:31:27 PST"]
[Termination "Thjop won on time"]

1. e4 c5 2. Nf3 e6 3. d3 d5 4. Nbd2 Nc6 5. g3 Nf6 6. Bg2 Be7 7. O-O O-O 8. Re1 b6 9. e5 Nd7 10. Nf1 Qc7 11. Bf4 a5 12. h4 Ba6 13. h5 a4 14. h6 g6 15. a3 c4 16. d4 c3 17.
bxc3 Na5 18. Qd2 Nc4 19. Qc1 Na5 20. Bg5 Bxg5 21. Qxg5 Qd8 22. Qf4 Rc8 23. Ne3 Rxc3 24. Ng5 Qe7 25. Bxd5 Rxe3 26. Rxe3 exd5 27. e6 fxe6 28.
Qg4 e5 29. dxe5 Nxe5 30. Qd4 Qxg5 31. Rxe5 Qf6 32. Rxd5 Nc6 33. Qxf6 Rxf6 34. Re1 Bc4 35. Rd7 Bf7 36. Rb7 1-0

[Event "*** Titled Tuesday Blitz"]
[Site "Chess.com"]
[Date "2021.02.02"]
[Round "3"]
[White "bazar-wokzal"]
[Black "PavelChernomordik"]
[Result "0-1"]
[WhiteElo "2529"]
[BlackElo "2377"]
[TimeControl "180+1"]
[EndTime "10:31:27 PST"]
[Termination "PavelChernomordik won by resignation"]

1. e4 g6 2. h4 d5 3. exd5 Nf6 4. Bb5+ Bd7 5. Bc4 b5 6. Bb3 a5 7. a4 b4 8. c4 Bg7 9. d4 c6 10. dxc6 Nxc6 11. Be3 Ng4 12. Nf3 Nxe3 13. fxe3 Bg4 14. Nbd2 e5 15. d5 Ne7 16. Qc2 Nf5 17. Kf2 O-O 18.
h5 Bh6 19. Rae1 Rc8 20. c5 Re8 21. Ne4 gxh5 22. Qc4 Kh8 23. d6 Re6 24. Qd3 Rg6 25. Bxf7 Rg7 26. Nxe5 Qf8 27. Qd5 Rd8 28. Kg1 Bxe3+ 29.
Rxe3 Nxe3 30. Qb7 Bf3 31. Rh2 Bxg2 32. Kf2 Ng4+ 33. Nxg4 Rxf7+ 34. Qxf7 Qxf7+ 35. Kxg2 hxg4 36. Kg3 Qf3+ 37. Kh4 Qxe4 38. Rf2 Rg8 39. Kg3 Qe3+ 40. Kg2 g3 0-1

[Event "*** Titled Tuesday Blitz"]
[Site "Chess.com"]
[Date "2021.02.02"]
[Round "3"]
[White "AntonovaNadezhda"]
[Black "Loy_Konstantin"]
[Result "0-1"]
[WhiteElo "2168"]
[BlackElo "2359"]
[TimeControl "180+1"]
[EndTime "10:31:27 PST"]
[Termination "Loy_Konstantin won on time"]

1. b3 e5 2. Bb2 d6 3. e3 Nf6 4. Nf3 g6 5. d4 e4 6. Nfd2 Bg7 7. Be2 O-O 8. O-O Re8 9. c3 h5 10. c4 h4 11. Nc3 h3 12. g3 Bf5 13. Re1 Nbd7 14. f3 exf3 15. Bxf3 d5 16. cxd5 Nb6 17. e4 Bd7 18. a4 a5 19. e5 Nh7 20. Nde4 Ng5 21.
Nxg5 Qxg5 22. Ne4 Qd8 23. Rc1 Bf5 24. Nc3 Bh6 25. Ra1 Rb8 26. Bc1 Bg7 27. Bf4 g5 28. Be3 g4 29. Bh1 Qd7 30. Qe2 Rbd8 31. Qb5 Qc8 32.
Rac1 Qa8 33. Qe2 Qc8 34. Nb5 Na8 35. d6 c6 36. d5 Rxe5 37. dxc6 bxc6 38. Bxc6 Qb8 39.
Qf2 Be6 40. Bd4 Rxe1+ 41. Rxe1 Bxd4 42. Qxd4 Nb6 0-1

[Event "*** Titled Tuesday Blitz"]
[Site "Chess.com"]
[Date "2021.02.02"]
[Round "3"]
[White "azikom"]
[Black "eljanov"]
[Result "1-0"]
[WhiteElo "2664"]
[BlackElo "2886"]
[TimeControl "180+1"]
[EndTime "10:31:28 PST"]
[Termination "azikom won on time"]

1. d4 Nf6 2. Nf3 e6 3. c4 b6 4.
Nc3 Bb7 5. a3 d5 6. Qa4+ Qd7 7.
Qb3 dxc4 8. Qxc4 Bd6 9. Bg5 Nd5 10. e3 O-O 11. Bh4 Ba6 12. Qb3 Nxc3 13. Qxc3 Bxf1 14. Rxf1 Nc6 15. Bg3 Ne7 16. Rc1 Rac8 17. Qb3 c5 18. Ke2 Bxg3 19. hxg3 Rfd8 20. Rfd1 Qb7 21. dxc5 h6 22.
Rxd8+ Rxd8 23. cxb6 axb6 24. Qb5 Nf5 25. Kf1 Nd6 26. Qe2 Ne4 27. Qc2 Qd5 28. Kg1 g6 29. Nd4 Nf6 30. b4 Rd7 31. Qc6 Kg7 32. Qxd5 Rxd5 33. a4 e5 34. Nc6 Ng4 35. a5 bxa5 36. bxa5 Rd2 37. Ra1 Rc2 38. Nb4 1-0

[Event "*** Titled Tuesday Blitz"]
[Site "Chess.com"]
[Date "2021.02.02"]
[Round "3"]
[White "Guriempire"]
[Black "L1m96"]
[Result "0-1"]
[WhiteElo "2740"]
[BlackElo "2534"]
[TimeControl "180+1"]
[EndTime "10:31:28 PST"]
[Termination "L1m96 won by resignation"]

1. c4 Nf6 2. Nf3 e6 3. e3 b6 4. Nc3 Bb7 5. b3 d5 6. Bb2 Nbd7 7. Be2 a6 8. Qc2 Bd6 9. d4 O-O 10. O-O Re8 11. Rfd1 Qe7 12. Rac1 Rac8 13. Bf1 c5 14.
cxd5 cxd4 15. Nxd4 Nxd5 16. h3 Nxc3 17. Bxc3 Ba3 18. Ra1 Nf6 19. Qd3 Red8 20. f4 b5 21. Be1 Be4 22. Qd2 Nd5 23. Qf2 Nc3 24. Bxc3 Rxc3 25.
Rd2 Rdc8 26. Rad1 h6 27. g3 e5 28. fxe5 Qxe5 29. Bg2 Bxg2 30. Kxg2 Rxe3 31. Kh2 g6 32. Nc2 Rxc2 33. Rxc2 Bc5 34. Rd8+ Kg7 35. Rd7 Be7 36.
Rdd2 Bh4 37. Kh1 Bxg3 0-1

[Event "*** Titled Tuesday Blitz"]
[Site "Chess.com"]
[Date "2021.02.02"]
[Round "3"]
[White "kekic76"]
[Black "zeitnot2006"]
[Result "0-1"]
[WhiteElo "2369"]
[BlackElo "2558"]
[TimeControl "180+1"]
[EndTime "10:31:28 PST"]
[Termination "zeitnot2006 won on time"]

1. e4 c5 2. Nf3 e6 3. d4 cxd4 4.
Nxd4 Nc6 5. Nxc6 bxc6 6. Bd3 d5 7. O-O Nf6 8. Nc3 Be7 9. Qe2 O-O 10. b3 a5 11. Bb2 Bb7 12. Rad1 Qc7 13. a4 Bd6 14. h3 Be5 15. Rfe1 Rfe8 16. Kh1 Nd7 17. exd5 exd5 18.
Qh5 g6 19. Qh4 Qd6 20. Qg4 Re6 21. Bf5 Nf6 22. Bxe6 Nxg4 23. Bxg4 f6 24. Ne4 Qf8 25. Bxe5 fxe5 26. Ng5 Qf6 27. Ne6 Re8 28. Nc5 Bc8 29.
Bxc8 Rxc8 30. Kg1 Rd8 31. Re3 Qe7 32. Nd3 e4 33. Ne1 Qc5 34. Re2 Rf8 35. Kf1 Kg7 36. g3 Qc3 37. Ng2 Qxg3 0-1

[Event "*** Titled Tuesday Blitz"]
[Site "Chess.com"]
[Date "2021.02.02"]
[Round "3"]
[White "MuhittinBuker"]
[Black "ZEN-22"]
[Result "0-1"]
[WhiteElo "2144"]
[BlackElo "2481"]
[TimeControl "180+1"]
[EndTime "10:31:28 PST"]
[Termination "ZEN-22 won on time"]

1. d4 c5 2. d5 e6 3. c4 b5 4. e4 b4 5. Nf3 d6 6. Bd3 g6 7. O-O Bg7 8. Nbd2 e5 9. Re1 a5 10.
Rb1 a4 11. Nf1 Ne7 12. Be3 O-O 13. N3d2 f5 14. f4 exf4 15. Bf2 g5 16. Qh5 Ng6 17.
Nf3 Bf6 18. exf5 Ne5 19. Nxe5 Bxe5 20. Nd2 Bxf5 21. Bxf5 Rxf5 22. Nf3 Nd7 23. Qg4 Qf6 24. h4 h5 25. Qxh5 gxh4 26. Qxh4 Qg6 27. Qh3 Qh7 28. Nh4 Rf6 29. Qg4+ Kh8 30. Rbd1 Rg8 31. Qf3 Rh6 32.
Qh3 Nf6 33. Rxe5 dxe5 34. d6 Ng4 35. d7 Nxf2 36. Kxf2 Rxh4 37. Qe6 Qg7 0-1

[Event "*** Titled Tuesday Blitz"]
[Site "Chess.com"]
[Date "2021.02.02"]
[Round "3"]
[White "ketster"]
[Black "Witik"]
[Result "1-0"]
[WhiteElo "2390"]
[BlackElo "2759"]
[TimeControl "180+1"]
[EndTime "10:31:28 PST"]
[Termination "ketster won on time"]

1. d4 d5 2. c4 e6 3. Nc3 c6 4. e3 Bd6 5. Nf3 f5 6. Bd3 Nf6 7. Qc2 O-O 8. h3 Ne4 9. Bd2 Nd7 10. Ne2 b6 11. Nf4 Qe7 12. g4 Bb7 13. gxf5 exf5 14.
Kf1 dxc4 15. Bxc4+ Kh8 16. Rg1 c5 17. Re1 cxd4 18. exd4 Rac8 19. Qd3 Qf6 20. Ne6 Rfe8 21.
Nxg7 Re7 22. Nh5 Nxd2+ 23. Nxd2 Qh6 24. Rxe7 Bxe7 25. Qe2 Bd6 26. Qe6 Qxe6 27. Bxe6 Rd8 28. Rg7 Bc6 29. d5 Bb5+ 30. Kg1 Nf6 31. Rg5 Nxh5 32.
Rxh5 Bf4 33. Nf3 Bc1 34. Rxf5 Bxb2 35. Ng5 1-0

[Event "*** Titled Tuesday Blitz"]
[Site "Chess.com"]
[Date "2021.02.02"]
[Round "3"]
[White "adriangschnitzer"]
[Black "IngOscarArdila"]
[Result "1-0"]
[WhiteElo "2494"]
[BlackElo "2227"]
[TimeControl "180+1"]
[EndTime "10:31:29 PST"]
[Termination "adriangschnitzer won by resignation"]

1. e4 e5 2. Nf3 Nf6 3. Nxe5 d6 4. Nf3 Nxe4 5. Nc3 Nf6 6. d4 Be7 7. Bf4 O-O 8. Bd3 Bg4 9. h3 Bh5 10. g4 Bg6 11. Bxg6 hxg6 12. Qd3 Nc6 13. O-O-O Nb4 14.
Qb5 a5 15. Rhe1 Re8 16. Ng5 c6 17. Qe2 Nbd5 18. Qf3 Nxc3 19. bxc3 Nd5 20. h4 Nxf4 21.
Qxf4 Bxg5 22. hxg5 Rxe1 23. Rxe1 Qd7 24. Rh1 Qe7 25. Kb1 Re8 26. Qh2 f6 27. Qh7+ Kf7 28. Rh6 Qe1+ 29. Kb2 Qe4 30. f3 Qe2 31. Qxg6+ Ke7 32.
Qxg7+ Kd8 33. Qxf6+ Kc8 34. Qxd6 Qb5+ 35. Ka3 Qc4 36.
Qc5 Qxc5+ 37. dxc5 Re2 38. Kb3 Re3 39. Rf6 a4+ 40. Kc4 Re2 41. g6 Rxc2 42. g7 1-0

[Event "*** Titled Tuesday Blitz"]
[Site "Chess.com"]
[Date "2021.02.02"]
[Round "3"]
[White "Flawless_Fighter"]
[Black "Balla_Tamas"]
[Result "1/2-1/2"]
[WhiteElo "2686"]
[BlackElo "2500"]
[TimeControl "180+1"]
[EndTime "10:31:30 PST"]
[Termination "Game drawn by repetition"]

1. d4 f5 2. Nf3 Nf6 3. g3 b6 4.
c4 e6 5. Bg2 Bb4+ 6. Bd2 Bxd2+ 7.
Nfxd2 c6 8. Nc3 d5 9. O-O O-O 10. e3 Nbd7 11. b4 Bb7 12. a4 Qe7 13. c5 e5 14. Nb3 a5 15. b5 bxc5 16. dxc5 e4 17. Qd4 g6 18. Rac1 Rfc8 19. Ne2 Ng4 20. Nf4 Ndf6 21. Rfd1 Ne5 22. h4 h6 23. Qd2 g5 24.
hxg5 hxg5 25. Ne2 Nd3 26. Nxa5 Ng4 27. Nd4 Ngxf2 28. Nxf5 Qe5 29. Nxb7 Qxf5 30. Nd6 Qh7 31. Nxc8 Rxc8 32. Rf1 Rf8 33. b6 Ng4 34. Rxf8+ Kxf8 35. a5 Qh2+ 36. Kf1 Qxg3 37. b7 Nxe3+ 38. Qxe3 Qxe3 39. b8=Q+ Kg7 40. Qc7+ Kg8 41. Qd8+ Kg7 42. Qe7+ Kg8 43. Qe6+ Kg7 44. Qe7+ Kg8 45. Qd8+ Kg7 46. Qd7+ Kg8 47.
Qe6+ Kg7 48. Qe7+ 1/2-1/2

[Event "*** Titled Tuesday Blitz"]
[Site "Chess.com"]
[Date "2021.02.02"]
[Round "3"]
[White "Grammnik"]
[Black "juancruzarias"]
[Result "0-1"]
[WhiteElo "2390"]
[BlackElo "2583"]
[TimeControl "180+1"]
[EndTime "10:31:30 PST"]
[Termination "juancruzarias won by resignation"]

1. d4 Nf6 2. Nf3 e6 3. c4 c5 4.
Nc3 cxd4 5. Nxd4 Nc6 6. g3 Bc5 7. Nxc6 bxc6 8. Bg2 O-O 9. O-O d5 10. Na4 Be7 11. Qc2 e5 12. Rd1 Be6 13. Bg5 Qa5 14.
Bd2 Qa6 15. c5 Rfe8 16. Bf1 Rab8 17. e4 Qc8 18. exd5 cxd5 19. b4 Bh3 20. Qd3 e4 21.
Qa6 Qf5 22. Bc3 e3 23. fxe3 Ne4 24. Qe2 Bg4 25. Qg2 Nxc3 26. Nxc3 Bxd1 27. Rxd1 Rxb4 28. Nxd5 Rbb8 29. c6 Bd6 30. Bd3 Qe5 31. Qh3 g6 32. Bc4 Bc5 33. Re1 Rbc8 34. c7 Rxc7 35. Nxc7 Bxe3+ 36. Kh1 Qxc7 37. Bf1 Qe7 38. Bg2 Qg5 39.
g4 Re5 40. Qf3 Kg7 41. h3 Bf4 42. Rxe5 Qxe5 43. Qe2 Qxe2 0-1

[Event "*** Titled Tuesday Blitz"]
[Site "Chess.com"]
[Date "2021.02.02"]
[Round "3"]
[White "Logman74"]
[Black "Jumbo"]
[Result "0-1"]
[WhiteElo "2458"]
[BlackElo "2814"]
[TimeControl "180+1"]
[EndTime "10:31:31 PST"]
[Termination "Jumbo won on time"]

1. e4 g6 2. d4 Bg7 3. Nc3 d6 4. f4 Nf6 5. Nf3 c5 6. dxc5 Qa5 7. Bd3 Qxc5 8. Qe2 Nc6 9. Be3 Qa5 10. O-O Bg4 11.
h3 Bxf3 12. Qxf3 Nd7 13. Bd2 O-O 14. a3 Rac8 15. Kh1 a6 16. Rae1 e6 17. Qg3 Qd8 18. f5 Nce5 19. Bg5 Bf6 20. Bxf6 Nxf6 21. Qh4 Kg7 22. g4 h6 23. g5 hxg5 24. Qxg5 Rh8 25. Re3 Rh5 26. Qg2 Qe7 27. Be2 Rh4 28. Rg3 Rch8 29. Rg1 R8h6 30. Nd1 Nxe4 31. Re3 exf5 32. Bd3 d5 33. Nc3 Qd6 34. Ne2 Ng4 35. Rf3 Nef2+ 36. Rxf2 Rxh3+ 37. Qxh3 Rxh3+ 38. Kg2 Qh2+ 0-1

[Event "*** Titled Tuesday Blitz"]
[Site "Chess.com"]
[Date "2021.02.02"]
[Round "3"]
[White "andrzej"]
[Black "Chess2Hawks"]
[Result "1-0"]
[WhiteElo "2289"]
[BlackElo "1814"]
[TimeControl "180+1"]
[EndTime "10:31:31 PST"]
[Termination "andrzej won on time"]

1. e4 c5 2. Nc3 Nc6 3. Bb5 Nd4 4. Nf3 Nxb5 5. Nxb5 g6 6. d4 Bg7 7. a4 a6 8. Nc3 cxd4 9. Nxd4 d6 10. Be3 Nf6 11.
f3 O-O 12. O-O d5 13. exd5 Nxd5 14. Nxd5 Qxd5 15. c3 Rd8 16. Qe2 e5 17. Nc2 Bf5 18. Nb4 Qb3 19. a5 Rac8 20. Bb6 Rd6 21. Rfd1 Rxd1+ 22. Rxd1 Be6 23. Rd2 h5 24. Qe4 Qc4 25. Qxb7 h4 26.
Qxa6 Qf4 27. Qd3 Bh6 28. Rd1 Bc4 29. Qd7 Rf8 30. Nd5 Bxd5 31. Qxd5 h3 32. g3 Qa4 33. Bc5 Qc2 34. Bf2 Be3 35. Rf1 Bxf2+ 36. Rxf2 Qc1+ 37. Rf1 Qxb2 38. f4 1-0

[Event "*** Titled Tuesday Blitz"]
[Site "Chess.com"]
[Date "2021.02.02"]
[Round "3"]
[White "Spalir"]
[Black "saraswathii"]
[Result "1-0"]
[WhiteElo "2624"]
[BlackElo "2417"]
[TimeControl "180+1"]
[EndTime "10:31:32 PST"]
[Termination "Spalir won by resignation"]

1. e4 c5 2. Nf3 e6 3. d4 cxd4 4. Nxd4 Nf6 5. Nc3 Nc6 6. Nxc6 bxc6 7. e5 Nd5 8. Ne4 f5 9. exf6 Nxf6 10. Nd6+ Bxd6 11.
Qxd6 Qe7 12. Bf4 Ne4 13. Qd4 d5 14. Bd3 c5 15. Qe5 Nf6 16. O-O O-O 17. Rae1 c4 18. Be2 Qf7 19. Be3 Bd7 20. b3 cxb3 21. cxb3 a5 22.
Rc1 a4 23. b4 Rfc8 24. a3 Ne4 25. f3 Nf6 26. Qd6 Ne8 27. Qf4 Qe7 28. Bd3 e5 29.
Qg5 Qxg5 30. Bxg5 h6 31. Bh4 Nf6 32. Rfe1 Rxc1 33. Rxc1 Rc8 34. Rxc8+ Bxc8 35. Bb5 Bd7 36. Bxf6 Bxb5 37. Bxe5 g6 38. Kf2 Kf7 39. Ke3 Ke6 40. Kd4 Bf1 41. g3 Bg2 42. f4 Bf1 43. Kc5 Bc4 44. b5 Kd7 45. b6 Kc8 46. Kc6 Ba6 47. Kxd5 Kb7 48. Bc7 Be2 49. h3 h5 50. Ke5 Bf1 51. Kf6 Bxh3 52. Kxg6 Bg4 53. f5 Kc6 54. f6 Be6 55. f7 Bxf7+ 56. Kxf7 Kb7 57. Kg6 Kc6 58. Kxh5 Kb7 59. g4 Kc6 60. g5 Kb7 61. g6 1-0

[Event "*** Titled Tuesday Blitz"]
[Site "Chess.com"]
[Date "2021.02.02"]
[Round "3"]
[White "OlifantCZ"]
[Black "bsnsun"]
[Result "0-1"]
[WhiteElo "2158"]
[BlackElo "2482"]
[TimeControl "180+1"]
[EndTime "10:31:32 PST"]
[Termination "bsnsun won on time"]

1. c4 c5 2. g3 g6 3. Bg2 Bg7 4. Nc3 Nc6 5. a3 d6 6. Rb1 a5 7. Nf3 e5 8. O-O Nge7 9. Ne1 Be6 10. Nc2 Bxc4 11. b4 axb4 12. axb4 cxb4 13. Nxb4 O-O 14. Ncd5 Nd4 15. d3 Nxd5 16. Nxd5 Ba6 17. Ba3 Rc8 18. Rb2 b5 19. e3 Ne6 20. Qa1 Kh8 21. Bb4 Bb7 22. Ba5 Qg5 23. Rxb5 Bc6 24. Rb6 Bxd5 25. Bxd5 e4 26. Qa2 exd3 27. Bxe6 fxe6 28. Rxd6 Ra8 29. Qxe6 Rxa5 30. Rxd3 Raf5 31. h3 Qh5 32. g4 Rg5 33. Kg2 Qh4 34. f4 Rb5 35. Rf2 Rb1 36.
Rd7 Qf6 37. Qxf6 Bxf6 38. e4 Bh4 39. Re2 Rxf4 40. e5 Rf8 41. e6 Re8 42. Kf3 Kg8 43.
Re5 Rb3+ 44. Ke4 Bf6 0-1

[Event "*** Titled Tuesday Blitz"]
[Site "Chess.com"]
[Date "2021.02.02"]
[Round "3"]
[White "MasterMK73"]
[Black "dosto07"]
[Result "0-1"]
[WhiteElo "2209"]
[BlackElo "2432"]
[TimeControl "180+1"]
[EndTime "10:31:33 PST"]
[Termination "dosto07 won on time"]

1. e4 e5 2. Nc3 Nf6 3. g3 d5 4. exd5 Nxd5 5. Bg2 Nxc3 6. bxc3 Nc6 7. Nf3 Bc5 8. O-O O-O 9. d3 f5 10. Re1 Qf6 11. Nd2 e4 12. d4 Bb6 13. Nc4 Be6 14.
Nxb6 axb6 15. Bf4 Qf7 16. a4 Na5 17. d5 Bxd5 18. Bxc7 Nc4 19. Qd4 Be6 20. Bxb6 Ra6 21. Bc5 Rc8 22. Red1 h6 23. Bb4 Rac6 24. Bf1 Kh7 25.
Bxc4 Rxc4 26. Qe3 Qh5 27. Rd6 R4c6 28. Rxc6 Rxc6 29. a5 Bc4 30. Qd4 Be2 31. Qe3 Bf3 32. Qe1 Qg4 33. Qf1 Rc7 34. a6 bxa6 35. Rxa6 Rd7 0-1

[Event "*** Titled Tuesday Blitz"]
[Site "Chess.com"]
[Date "2021.02.02"]
[Round "3"]
[White "TheCairnTerrier"]
[Black "A-S-00"]
[Result "0-1"]
[WhiteElo "2099"]
[BlackElo "2337"]
[TimeControl "180+1"]
[EndTime "10:31:33 PST"]
[Termination "A-S-00 won on time"]

1. e4 c5 2. Nf3 Nc6 3. Bb5 e6 4. Bxc6 dxc6 5. O-O g6 6. d3 Bg7 7. Nc3 Ne7 8. Be3 b6 9. a4 O-O 10. a5 Rb8 11. axb6 axb6 12. Re1 e5 13. Qd2 Re8 14. Bh6 Bh8 15. Ra7 Bg4 16. Rea1 Bxf3 17. gxf3 Qc8 18. Qg5 f6 19. Qg3 b5 20. f4 exf4 21. Qxf4 Rb7 22. Ra8 Qxa8 23. Rxa8 Rxa8 24. Qd6 Kf7 25. Be3 Raa7 26. Bxc5 Rd7 27. Qf4 Ra8 28. Qh6 Bg7 29.
Qe3 g5 30. Ne2 Ng6 31. Kg2 Nh4+ 32. Kh3 Ng6 33. f4 h6 34. f5 Ne5 35. Nd4 g4+ 36.
Kh4 h5 37. c3 Ra1 38. Qf2 Rd1 0-1

[Event "*** Titled Tuesday Blitz"]
[Site "Chess.com"]
[Date "2021.02.02"]
[Round "3"]
[White "Naaas1"]
[Black "erdni1993"]
[Result "1-0"]
[WhiteElo "2756"]
[BlackElo "2447"]
[TimeControl "180+1"]
[EndTime "10:31:34 PST"]
[Termination "Naaas1 won by resignation"]

1. d4 Nf6 2. c4 e6 3. g3 c5 4. Nf3 cxd4 5. Nxd4 Bb4+ 6. Bd2 Qb6 7. Nb3 Ne4 8. e3 Nxd2 9. N1xd2 Nc6 10. Bg2 O-O 11. O-O d5 12. cxd5 exd5 13. Nf3 Be6 14. Nfd4 Nxd4 15. Qxd4 Rfc8 16. a3 Be7 17. Qxb6 axb6 18. Nd4 Bf6 19. Rfd1 Rc5 20. Rd2 Rac8 21. Rad1 Rc1 22.
h3 h5 23. Bf3 g6 24. Kg2 Bxd4 25. Rxd4 Rxd1 26. Bxd1 Bf5 27. Bf3 Rc2 28. Rb4 Rc6 29.
Bxd5 Rd6 30. Bxb7 Kf8 31. g4 hxg4 32. hxg4 Be6 33. g5 Ke7 34. f4 Kd8 35. Kf3 Kc7 36.
Be4 Rd2 37. b3 Rb2 38. Rb5 Bxb3 39. Kg3 Kd6 40. Bd5 Re2 41. Rxb3 Rxe3+ 42. Rxe3 Kxd5 43. Re7 1-0

[Event "*** Titled Tuesday Blitz"]
[Site "Chess.com"]
[Date "2021.02.02"]
[Round "3"]
[White "CraiggoryC"]
[Black "SergeyShtyka"]
[Result "1/2-1/2"]
[WhiteElo "2134"]
[BlackElo "2471"]
[TimeControl "180+1"]
[EndTime "10:31:34 PST"]
[Termination "Game drawn by repetition"]

1. e4 c5 2. Nf3 Nc6 3. d4 cxd4 4. Nxd4 Nf6 5. Nc3 e5 6. Ndb5 h6 7. Nd5 Nxd5 8. exd5 a6 9. Nc3 Nd4 10. Be3 Nf5 11. Bd3 d6 12. O-O g6 13. Qd2 Bg7 14. f4 Qh4 15. Rae1 O-O 16. Bxf5 Bxf5 17. fxe5 Bxe5 18. Bf4 Bxf4 19. Rxf4 Qg5 20. Ne4 Bxe4 21. Rexe4 Rfe8 22. Qd3 Re5 23. c4 Rae8 24. Rxe5 Rxe5 25. Rf1 Re3 26. Qd4 Re2 27. g3 Qd2 28. Qxd2 Rxd2 29. Rf2 Rd4 30. Rc2 f5 31. Kf2 Kf7 32. Ke3 Re4+ 33.
Kd3 b6 34. b4 Kf6 35. a4 Ke5 36. Re2 Rxe2 37. Kxe2 g5 38. Kd3 f4 39. gxf4+ gxf4 40. Ke2 h5 41. Kf3 Kf5 42. h4 Ke5 43. Kf2 Kf5 44. Kf3 Ke5 45. Kf2 Kf5 46. Kf3 1/2-1/2

[Event "*** Titled Tuesday Blitz"]
[Site "Chess.com"]
[Date "2021.02.02"]
[Round "3"]
[White "markowskitomasz"]
[Black "A-Fier"]
[Result "0-1"]
[WhiteElo "2623"]
[BlackElo "2857"]
[TimeControl "180+1"]
[EndTime "10:31:35 PST"]
[Termination "A-Fier won on time"]

1. d4 Nf6 2. Nf3 e6 3. e3 b6 4.
Bd3 Bb7 5. O-O g6 6. c4 Bg7 7. b3 O-O 8. Nc3 d5 9. cxd5 Nxd5 10.
Nxd5 Qxd5 11. Bb2 c5 12. Bc4 Qd7 13. Ne5 Qc7 14. Rc1 Nc6 15. Nf3 Rfd8 16. Qe2 cxd4 17. Nxd4 Nxd4 18. exd4 Bxd4 19. Bxd4 Rxd4 20. Bxe6 Qe7 21.
Bg4 Qg5 22. Bf3 Rd2 23. Qe3 Qxe3 24. fxe3 Bxf3 25. Rxf3 Rxa2 26. Rc7 Rf8 27. Rf6 Kg7 28. Rd6 Ra3 29. Rdd7 Rxb3 30. Kf2 a5 31. e4 Rb5 32. Ke3 a4 33. Ra7 Rb4 34. e5 b5 35. e6 Rb1 36. Rxf7+ Rxf7 37. Rxf7+ Kg8 38. Rb7 Re1+ 39. Kd2 Rxe6 40. Rxb5 Ra6 41. Kc2 Kg7 42. Kb2 Kf6 43. Ka3 g5 44. Rc5 Kg6 45. g4 h5 46. h3 hxg4 47. hxg4 Rf6 48. Kxa4 Rf4+ 49. Kb3 Rxg4 50. Kc2 Rd4 51. Rc3 Kh5 52. Rh3+ Kg4 53. Rh1 Kf3 54. Rf1+ Kg2 55. Rf5 g4 56. Kc3 Rd8 57. Rf4 g3 58. Rg4 Kh2 59. Rg7 g2 60. Rh7+ Kg1 61. Rg7 Rh8 62.
Kd2 Kh1 0-1

[Event "*** Titled Tuesday Blitz"]
[Site "Chess.com"]
[Date "2021.02.02"]
[Round "3"]
[White "AtabayevSaparmyrat"]
[Black "ChampStan"]
[Result "0-1"]
[WhiteElo "2688"]
[BlackElo "2163"]
[TimeControl "180+1"]
[EndTime "10:31:35 PST"]
[Termination "ChampStan won on time"]

1. e4 e5 2. Nf3 Nc6 3. Bb5 Nf6 4.
O-O Nxe4 5. d4 Nd6 6. dxe5 Nxb5 7.
a4 Nbd4 8. Nxd4 Nxd4 9. Qxd4 d5 10. exd6 Qxd6 11. Qe4+ Qe6 12. Qd4 Qd6 13. Qe4+ Qe6 14. Qf3 Bd6 15. Nc3 O-O 16. Bf4 Bxf4 17. Qxf4 Qc6 18. Rad1 Be6 19. Rd4 Rad8 20. Rfd1 Rxd4 21. Rxd4 a6 22. h4 h6 23. Rd3 Qc4 24. Qxc4 Bxc4 25. Rd4 Be6 26. a5 Rb8 27. Kf1 b6 28. b3 bxa5 29. Ke2 Rb4 30. Rd8+ Kh7 31. g3 c5 32. Kd2 c4 33. bxc4 Bxc4 34. Rd4 Be6 35. Rd6 Bc4 36. Rd4 Bb5 0-1